 Dungeon Crawl Stone Soup version 0.26-b1-32-g5d43845318 (webtiles) character file.

Game seed: 17493150705003557327

74 Gauvater the Skirmisher (level 4, -5/42 HPs)
             Began as a Palentonga Abyssal Knight on Jan 5, 2021.
             Was a Follower of Lugonu.
             Slain by an orc
             ... wielding a +0 flail
              (10 damage)
             ... on level 3 of the Dungeon.
             The game lasted 00:08:21 (1667 turns).

Gauvater the Skirmisher (Palentonga Abyssal Knight) Turns: 1667, Time: 00:08:22

Health: -5/42      AC:  4    Str: 16    XL:     4   Next: 9%
Magic:  5/5        EV:  9    Int: 13    God:    Lugonu [*.....]
Gold:   83         SH:  0    Dex:  9    Spells: 3/3 levels left

rFire    . . .     SeeInvis +   a - +1 hand axe
rCold    . . .     Faith    .   (no shield)
rNeg     . . .     Spirit   .   b - +0 leather armour
rPois    .         Reflect  .   (no helmet)
rElec    .         Harm     .   (no cloak)
rCorr    .         Rampage  .   (no gloves)
Will     .....                  (no barding)
Stlth    +.........             (no amulet)
HPRegen  0.14/turn              (no ring)
MPRegen  0.09/turn              (no ring)

@: no status effects
A: large, rugged brown scales 3, see invisible, deformed body, roll 1, armoured
tail
a: Rolling Charge, Renounce Religion, Depart the Abyss


You were on level 3 of the Dungeon.
You worshipped Lugonu.
Lugonu was aware of your devotion.
You visited 1 branch of the dungeon, and saw 3 of its levels.
You visited the Abyss 1 time.

You collected 83 gold pieces.

Inventory:

Hand Weapons
 a - a +1 hand axe (weapon)
 j - a +0 hunting sling
Missiles
 c - 48 stones
 i - 57 arrows
 k - 8 poisoned darts
Armour
 b - a +0 leather armour (worn)
 o - a +0 buckler
Scrolls
 d - a scroll of enchant weapon {unknown}
 e - 4 scrolls of magic mapping {unknown}
 h - 2 scrolls of identify {unknown}
 n - 3 scrolls of teleportation {unknown}
Potions
 f - a potion of flight {unknown}
 g - 2 potions of attraction {unknown}
 l - a potion of might {unknown}
 m - a potion of resistance {unknown}
 p - a potion of haste {unknown}
 q - a potion of mutation {unknown}
 r - a potion of curing {unknown}


   Skills:
 + Level 3.6 Fighting
 + Level 3.2 Axes
 + Level 2.1 Armour
 + Level 0.8 Dodging
 + Level 2.0 Invocations


You had 3 spell levels left.
You didn't know any spells.
Your spell library was empty.

Dungeon Overview and Level Annotations

Branches:
Dungeon (3/15)

Altars:
Cheibriados
Gozag
Uskayaw
Zin
The Shining One


Innate Abilities, Weirdness & Mutations

You are completely covered in rugged brown scales. (AC +3, +7% HP)
You have supernaturally acute eyesight. (SInv)
Armour fits poorly on your strangely shaped body.
You can roll at nearby foes to attack.
You have a long armoured tail.


Message History

The orc throws a boomerang.
The boomerang closely misses you.
The weapon returns to the orc!
Things that are here:
a +0 hand axe; a +0 leather armour; an orc corpse The orc hits you with a +0 war axe!
You slash the orc!
You kill the orc!
Lugonu accepts your kill.
An adder comes into view.
You hit the orc but do no damage. The orc hits you with a +0 flail!
* * * LOW HITPOINT WARNING * * *
You hit the orc.
The orc is moderately wounded.
The orc priest looks braver for a moment.
The orc hits you but does no damage.
The orc priest looks braver for a moment.
You closely miss the orc.
The orc is moderately wounded.
The orc hits you with a +0 flail!
You die...

#..# #..#######.
#........._
#.######### #.# #.#
#.# #.#
#########.##
#.######..)@ooS....
#........#######...
########.# #.# #.#
#.# ... .## .


You could see an orc priest, an adder and an orc.

Vanquished Creatures
  An adder (D:2)
  An ooze (D:1)
  A worm (D:2)
  3 dart slugs
  A leopard gecko (D:1)
  5 orcs (D:3)
  A ball python (D:1)
  5 giant cockroaches
  5 goblins
  4 hobgoblins
  3 quokkas
  6 bats
  2 frilled lizards
  4 kobolds (D:2)
  2 rats
44 creatures vanquished.

Notes
Turn   | Place    | Note
-------+----------+-------------------------------------------
     0 | Abyss:1  | Gauvater the Palentonga Abyssal Knight began the quest for
                  | the Orb.
     0 | Abyss:1  | Reached XP level 1. HP: 20/20 MP: 2/2
     5 | D:1      | Escaped the Abyss
    65 | D:1      | Reached XP level 2. HP: 27/27 MP: 3/3
   189 | D:1      | Reached * piety under Lugonu
   292 | D:1      | Found a glowing golden altar of the Shining One.
   467 | D:2      | Found an opulent altar of Gozag.
   467 | D:2      | Found a glowing silver altar of Zin.
   467 | D:2      | Found a hide-covered altar of Uskayaw.
   473 | D:2      | Reached XP level 3. HP: 33/33 MP: 4/4
  1521 | D:3      | Reached XP level 4. HP: 41/42 MP: 5/5
  1641 | D:3      | Found a snail-covered altar of Cheibriados.
  1667 | D:3      | Slain by an orc

Illustrated notes

Levels and vault maps discovered:
D:1:      psy_arrival_whirlpool, layout_rooms, tso_metal_star
D:2:      layout_loops_corners, gammafunk_temple_overflow_claw
D:3:      layout_loops_ring, overflow_temple_1_default, old_standard_altar,
          ebering_ghost_sewer_d, grunt_ashenzari_visionary
          [grunt_ashenzari_visionary_shoals, grunt_ashenzari_visionary_spider]

Skill      XL: |  1  2  3 |
---------------+----------+-----
Armour         | 2 |  2.1
Axes           | 3 |  3.2
Fighting       | |  3.6
Dodging        | |  0.8
Invocations    | |  2.0

Action                   |  1- 3 |  4- 6 || total
-------------------------+-------+-------++-------
Melee: Hand axe          |   111 |    14 ||   125
       Tailslap          |     7 |     2 ||     9
Invok: Depart the Abyss  |     1 |       ||     1
 Abil: Rolling Charge    |     9 |     1 ||    10
Armor: Leather armour    |    53 |     4 ||    57
Dodge: Dodged            |    57 |     5 ||    62
